 Dungeon Crawl Stone Soup version 0.20.1-1-g8b1a95d (webtiles) character file.

11083 Gargoyl the Protected (level 11, -2/95 HPs)
             Began as a Minotaur Abyssal Knight on Aug 23, 2017.
             Was a High Priest of Lugonu.
             Succumbed to a spiny frog's poison
             ... on level 1 of the Lair of Beasts.
             The game lasted 00:24:32 (13958 turns).

Gargoyl the Protected (Minotaur Abyssal Knight)    Turns: 13958, Time: 00:24:33

Health: -2/95      AC: 23    Str: 18    XL:     11   Next: 44%
Magic:  24/24      EV:  3    Int: 11    God:    Lugonu [*****.]
Gold:   417        SH: 15    Dex: 12    Spells: 10/10 levels left

rFire    . . .     SeeInvis .   p - +0 broad axe
rCold    . . .     Gourm    .   G - +2 large shield
rNeg     . . .     Faith    .   d - +1 plate armour
rPois    .         Spirit   .   (helmet restricted)
rElec    .         Reflect  .   v - scarf {repulsion}
rCorr    .         Harm     .   j - +1 pair of gloves
MR       .....                  F - +0 pair of boots
Stlth    ..........             (no amulet)
Regen    0.3/turn               I - ring of magical power
MPRegen  0.2/turn               (no ring)

@: lethally poisoned (-2 -> -34), repel missiles
A: retaliatory headbutt, horns 2, iridescent scales 1, clever 1
a: Depart the Abyss, Bend Space, Banish, Corrupt, Enter the Abyss, Renounce
Religion


You were on level 1 of the Lair of Beasts.
You worshipped Lugonu.
Lugonu was extremely pleased with you.
You were very hungry.

You visited 2 branches of the dungeon, and saw 11 of its levels.
You visited the Abyss 1 time.

You collected 662 gold pieces.
You spent 245 gold pieces at shops.

Inventory:

Hand Weapons
 a - a +2 hand axe
 p - a +0 broad axe (weapon)
Missiles
 t - 19 tomahawks (quivered)
Armour
 d - a +1 plate armour (worn)
 j - a +1 pair of gloves (worn)
 v - a scarf of repulsion (worn)
 F - a +0 pair of boots (worn)
 G - a +2 large shield (worn)
Jewellery
 I - a ring of magical power (left hand)
Wands
 k - a wand of random effects (19/48)
 w - a wand of iceblast (6/15)
 x - a wand of digging (9/24)
 z - a wand of clouds (4/9)
 B - a wand of confusion (23/48)
Scrolls
 g - 4 scrolls of magic mapping
 n - 3 scrolls of teleportation
 q - 3 scrolls of identify
 u - 2 scrolls of remove curse
 C - a scroll of amnesia
 D - a scroll of fear
 E - 2 scrolls of holy word
Potions
 b - 3 potions of lignification
 e - 2 potions of flight
 i - 2 potions of might
 l - 2 potions of agility
 m - 3 potions of heal wounds
 o - 3 potions of curing
 r - a potion of brilliance
 s - 2 potions of resistance
 J - a potion of degeneration {unknown}
Books
 y - a book of Changes

   Spells                             Type                      Level
   a - Beastly Appendage              Transmutation                1
   b - Sticks to Snakes               Transmutation                2
   c - Spider Form                    Transmutation/Poison         3
   d - Ice Form                       Ice/Transmutation            4
   e - Blade Hands                    Transmutation                5
Comestibles
 c - 4 bread rations
 f - 3 meat rations
 h - 3 fruits
 A - 7 royal jellies


   Skills:
 + Level 8.7 Fighting
 + Level 12.2 Axes
 * Level 12.9 Armour
 + Level 1.4 Dodging
 + Level 3.4 Shields
 * Level 7.6 Invocations


You had 10 spell levels left.
You didn't know any spells.

Dungeon Overview and Level Annotations

Branches:
Dungeon (9/15)             Temple (0/1) D:7            Lair (2/6) D:9
  Swamp: Lair:2-4    Shoals: Lair:2-4     Snake: Lair:2-4    Spider: Lair:2-4
    Orc: D:9-12

Altars:
Ashenzari
Dithmenos
Gozag
Hepliaklqana
Kikubaaqudgha
Makhleb
Okawaru
Qazlal
Ru
Uskayaw
Zin
The Shining One

Shops:
D:3 *   D:4 !   D:5 ([}%:


Innate Abilities, Weirdness & Mutations

You reflexively headbutt those who attack you in melee.
You have a pair of horns on your head.
You are partially covered in iridescent scales. (AC +2)
Your mind is acute. (Int +2)


Message History

The spiny frog is almost dead.
* * * LOW HITPOINT WARNING * * *
You feel very sick. The spiny frog stings you!
* * * LOW HITPOINT WARNING * * *
You hit the spiny frog but do no damage.
The spiny frog is almost dead.
* * * LOW HITPOINT WARNING * * *
You feel very sick. You block the spiny frog's attack.
The spiny frog stings you but does no damage.
You barely miss the spiny frog.
The spiny frog is almost dead.
* * * LOW HITPOINT WARNING * * *
You feel very sick.
The spiny frog stings you but does no damage.
You slash the spiny frog!
You kill the spiny frog!
Lugonu accepts your kill.
You die...

#...⌠..>..⌠...#
...#
#..........##
...#
#...⌠....##
##.....###
###+.## ##...##
##.....#
#.⌠.>.⌠#
##.@†..#
##.⌠..##
###..#.#
#......###P
#..........
##.......... ..
#P..........
.....
##..........
..... ####
#.......... ...


There were no monsters in sight!

Vanquished Creatures
  Erolcha (D:8)
  A two-headed ogre (D:4)
  The ghost of Whitewater the Basher, a novice MiBe of Trog (D:5)
  Pikel (D:6)
  A manticore (D:8)
  2 spiny frogs (Lair:1)
  A komodo dragon (Lair:1)
  A troll (D:9)
  A hornet (D:9)
  2 hippogriffs
  5 yaks
  A human (D:7)
  A steam dragon (D:8)
  3 hogs (D:7)
  2 hungry ghosts (D:8)
  Menkaure (D:4)
  2 water moccasins
  Duvessa (D:6)
  2 hell hounds (D:9)
  A hornet zombie (D:9)
  3 ice beasts
  4 orc warriors
  A sky beast (D:8)
  A slave (D:6)
  A necrophage (D:8)
  6 phantoms
  3 ogres
  3 centaurs
  A big kobold (D:7)
  Blork the orc (D:4)
  6 bullfrogs
  3 gnoll sergeants
  Dowan (D:6)
  3 scorpions
  An electric eel (D:8)
  2 vampire bats (D:3)
  A centaur zombie (D:7)
  A bullfrog zombie (D:9)
  4 crimson imps
  A quasit (D:7)
  11 hounds
  5 orc priests
  9 orc wizards
  3 gnoll shamans (D:7)
  5 iguanas
  7 worker ants
  A hound skeleton (D:6)
  10 gnolls
  11 adders
  A shadow imp (D:6)
  An ooze (D:1)
  3 adder skeletons (D:4)
  A worm (D:2)
  2 dart slugs
  4 leopard geckos
  49 orcs
  3 bat skeletons (D:3)
  2 bat zombies (D:3)
  10 giant cockroaches
  10 goblins
  6 hobgoblins
  17 jackals
  4 quokkas
  3 ball pythons
  3 bats
  3 frilled lizards
  A jackal skeleton (D:5)
  18 kobolds
  6 rats
  A plant (D:7)
288 creatures vanquished.

Vanquished Creatures (others)
  A bullfrog (D:6)
  2 gnolls (D:6)
  An orc (D:9)
  A giant cockroach (D:6)
  A jackal (D:8)
6 creatures vanquished.

Grand Total: 294 creatures vanquished

Notes
Turn   | Place    | Note
-------+----------+-------------------------------------------
     0 | Abyss:1  | Gargoyl the Minotaur Abyssal Knight began the quest for the Orb.
     0 | Abyss:1  | Reached XP level 1. HP: 19/19 MP: 1/1
    48 | Abyss:2  | Noticed a raiju
    80 | Abyss:2  | Noticed a raiju
    81 | Abyss:2  | Noticed a phantasmal warrior
   104 | Abyss:2  | Noticed a small abomination
   106 | D:1      | Escaped the Abyss
   447 | D:1      | Reached XP level 2. HP: 22/27 MP: 2/2
   463 | D:1      | Reached * piety under Lugonu
  1068 | D:2      | Reached XP level 3. HP: 33/33 MP: 3/3
  1900 | D:3      | Found an opulent altar of Gozag.
  1969 | D:3      | Reached XP level 4. HP: 33/40 MP: 4/4
  2071 | D:3      | Noticed a hand axe
  2072 | D:3      | Noticed a hand axe
  2107 | D:3      | Found a hide-covered altar of Uskayaw.
  2126 | D:3      | Reached ** piety under Lugonu
  2451 | D:3      | Reached XP level 5. HP: 47/47 MP: 6/6
  2591 | D:3      | Found Zin's Purification Station.
  2592 | D:3      | Found a glowing silver altar of Zin.
  2651 | D:3      | Found a burning altar of Makhleb.
  2768 | D:3      | Found an ancient bone altar of Kikubaaqudgha.
  2796 | D:3      | Reached skill level 5 in Armour
  2915 | D:4      | Found an iron altar of Okawaru.
  2929 | D:4      | Reached skill level 5 in Fighting
  2929 | D:4      | Reached XP level 6. HP: 39/56 MP: 7/7
  3058 | D:4      | Noticed Blork the orc
  3075 | D:4      | Killed Blork the orc
  3104 | D:4      | Found Liuran's Distillery.
  3248 | D:4      | Bought a potion of heal wounds for 55 gold pieces
  3248 | D:4      | Bought a potion of heal wounds for 55 gold pieces
  3248 | D:4      | Bought a potion of heal wounds for 55 gold pieces
  3371 | D:4      | Reached XP level 7. HP: 34/61 MP: 8/8
  3614 | D:4      | Reached skill level 5 in Axes
  3835 | D:4      | Noticed Menkaure
  3847 | D:4      | Killed Menkaure
  4287 | D:4      | Reached *** piety under Lugonu
  4517 | D:4      | Found a glowing golden altar of the Shining One.
  4746 | D:4      | Noticed a two-headed ogre
  4763 | D:4      | HP: 3/62 [two-headed ogre/giant club (19)]
  4765 | D:4      | Killed a two-headed ogre
  4765 | D:4      | Reached XP level 8. HP: 4/71 MP: 8/10
  5175 | D:5      | Entered Level 5 of the Dungeon
  5219 | D:5      | Found a sacrificial altar of Ru.
  5258 | D:5      | Noticed Whitewater's ghost (novice MiBe)
  5293 | D:5      | Killed Whitewater's ghost
  5293 | D:5      | Reached skill level 5 in Invocations
  5293 | D:5      | Reached XP level 9. HP: 52/78 MP: 11/11
  5536 | D:5      | Found Qiarph's Gadget Boutique.
  5550 | D:5      | Found Deadgh's Armour Emporium.
  5604 | D:5      | Found Godutak's Book Shop.
  5754 | D:5      | Found Sorch's Food Shop.
  6094 | D:5      | Found Poamirch's Antique Weapon Shoppe.
  6099 | D:5      | Bought a broad axe for 80 gold pieces
  6397 | D:6      | Reached skill level 10 in Armour
  6412 | D:6      | Gained mutation: You tend to lose your temper in combat. [potion of mutation]
  6412 | D:6      | Gained mutation: You are agile. (Dex +2) [potion of mutation]
  6412 | D:6      | Gained mutation: You evolve. [potion of mutation]
  6912 | D:6      | Noticed Dowan
  6922 | D:6      | Killed Dowan
  7198 | D:6      | Noticed Pikel
  7214 | D:6      | Killed Pikel
  7379 | D:6      | Noticed Duvessa
  7392 | D:6      | Killed Duvessa
  7572 | D:6      | Reached **** piety under Lugonu
  7684 | D:7      | Lost mutation: You evolve. [potion of mutation]
  7684 | D:7      | Lost mutation: You are agile. (Dex +2) [potion of mutation]
  7684 | D:7      | Lost mutation: You tend to lose your temper in combat. [potion of mutation]
  7684 | D:7      | Gained mutation: You are partially covered in iridescent scales. (AC +2) [potion of mutation]
  7684 | D:7      | Gained mutation: Your mind is acute. (Int +2) [potion of mutation]
  7689 | D:7      | Found a hazy altar of Hepliaklqana.
  7740 | D:7      | Reached skill level 1 in Shields
  7749 | D:7      | Found a staircase to the Ecumenical Temple.
  7773 | D:7      | Reached XP level 10. HP: 74/86 MP: 13/13
  7796 | D:7      | Found a shadowy altar of Dithmenos.
  8211 | D:7      | Reached skill level 10 in Axes
  8673 | D:7      | Reached ***** piety under Lugonu
  9198 | D:8      | Found a shattered altar of Ashenzari.
  9468 | D:8      | Found an opulent altar of Gozag.
 10440 | D:8      | Noticed a manticore
 10458 | D:8      | Killed a manticore
 11378 | D:9      | Found a staircase to the Lair.
 11557 | D:9      | Noticed Erolcha
 11561 | D:9      | Paralysed by Erolcha for 7 turns
 11581 | D:8      | Killed Erolcha
 11581 | D:8      | Reached XP level 11. HP: 65/95 MP: 15/15
 11731 | D:9      | Found a stormy altar of Qazlal.
 13128 | Lair:1   | Entered Level 1 of the Lair of Beasts
 13957 | Lair:1   | HP: 1/95 [poisoned by a spiny frog]
 13958 | Lair:1   | Succumbed to a spiny frog's poison

Skill      XL: |  1  2  3  4  5  6  7  8  9 10 11 |
---------------+----------------------------------+-----
Invocations    | 2 3 4 5 7 |  7.6
Fighting       | 4 5 6 7 8 |  8.7
Armour         | 3 4 5 6 8 9 11 12 | 12.9
Axes           | 3 4 7 9 11 12 | 12.2
Shields        | 1 2 3 |  3.4
Dodging        | |  1.4

Action                   |  1- 3 |  4- 6 |  7- 9 | 10-12 || total
-------------------------+-------+-------+-------+-------++-------
Melee: Hand axe          |    98 |   169 |   158 |       ||   425
       Headbutt          |    13 |    27 |    57 |    75 ||   172
       Broad axe         |       |       |   128 |   419 ||   547
Throw: Tomahawk          |       |       |     1 |       ||     1
Invok: Depart the Abyss  |     1 |       |       |       ||     1
  Use: Scroll            |     5 |     1 |     7 |     7 ||    20
       Potion            |       |     1 |     4 |     3 ||     8
  Eat: Chunk             |     3 |     5 |    10 |    15 ||    33
       Bread ration      |       |       |     1 |     3 ||     4
Armor: Plate armour      |   100 |   150 |   194 |   444 ||   888
       Skin              |       |     2 |       |       ||     2
Dodge: Dodged            |    29 |    49 |    80 |   108 ||   266
Block: Buckler           |       |       |    22 |    61 ||    83
       Shield            |       |       |       |    48 ||    48
       Large shield      |       |       |       |   130 ||   130
